 Dungeon Crawl Stone Soup version 0.17.0-7-gfadd4cc (webtiles) character file.

3967 septik the Basher (level 10, -2/64 HPs)
             Began as a Gargoyle Fighter on Nov 9, 2015.
             Was an Elder of Okawaru.
             Slain by a sun demon (8 damage)
             ... summoned by an orc sorcerer
             ... while paralysed by an orc sorcerer
             ... on level 1 of the Orcish Mines.
             The game lasted 00:17:05 (7195 turns).

septik the Basher (Gargoyle Fighter)                Turns: 7195, Time: 00:17:05

Health: -2/64      AC: 27    Str: 25    XL:     10   Next: 22%
Magic:  9/10       EV:  2    Int: 10    God:    Okawaru [****..]
Gold:   895        SH:  0    Dex: 10    Spells: 0 memorised, 9 levels left

rFire  . . .     SeeInvis .     w - +4 flail (drain)
rCold  + . .     Clarity  .     A - +0 chain mail
rNeg   + . .     SustAt   .     Q - +0 buckler
rPois  ∞         Gourm    .     m - +2 helmet
rElec  +         Spirit   .     V - +1 cloak
rCorr  .         Warding  .     (no gloves)
rMut   .         Stasis   .     b - +0 pair of boots
MR     .....                    (no amulet)
Stlth  ..........               D - +4 ring of strength
                                r - ring of protection from cold

@: paralysed, heroism, drained, not resistant to hostile enchantments, extremely
unstealthy
A: negative energy resistance 1, electricity resistance, unbreathing,
petrification resistance, rot immunity, AC +7
a: Heroism, Renounce Religion


You were on level 1 of the Orcish Mines.
You worshipped Okawaru.
Okawaru was greatly pleased with you.
You were hungry.

You visited 2 branches of the dungeon, and saw 10 of its levels.

You collected 895 gold pieces.

Inventory:

Hand Weapons
 a - a +0 flail
 w - a +4 flail of draining (weapon)
 P - the +1 long sword of Zin's Generosity {elec, Str+3}
   (You found it on level 6 of the Dungeon)

   Occasionally, upon striking a foe, it will discharge some electrical energy
   and cause terrible harm.
   It affects your strength (+3).
Missiles
 g - 171 stones (quivered)
 o - 3 needles of slowing
 p - 3 curare-tipped needles
 G - a throwing net
Armour
 b - a +0 pair of boots (worn)
 c - a +0 shield
 m - a +2 helmet (worn)
 A - a +0 chain mail (worn)
 I - a +0 large shield
 Q - a +0 buckler (worn)
 V - a +1 cloak (worn)
Jewellery
 r - a ring of protection from cold (left hand)
 D - a +4 ring of strength (right hand)
 J - a +2 ring of evasion {unknown}
 L - a +2 ring of strength
Wands
 v - a wand of frost (39)
 K - a wand of confusion (11)
 M - a wand of enslavement (6)
 N - a wand of frost (21)
 R - a wand of random effects (32)
Scrolls
 f - 4 scrolls of teleportation
 n - 2 scrolls of random uselessness
 s - 2 scrolls of magic mapping
 t - 4 scrolls of remove curse
 x - a scroll of identify
 E - a scroll of immolation
 F - a scroll of enchant weapon
 H - a scroll of fear
 O - 2 scrolls of enchant armour
 U - 2 scrolls of amnesia {unknown}
 W - a scroll of torment {unknown}
Potions
 d - 2 potions of might
 j - 2 potions of brilliance
 k - a potion of flight
 l - 5 potions of curing
 q - 5 potions of haste
 u - a potion of mutation
 z - a potion of resistance
 B - 2 potions of agility
 C - a potion of cancellation
Comestibles
 e - 9 bread rations
 h - 7 fruits
 i - 4 meat rations
 S - 7 chunks of flesh


   Skills:
 + Level 8.0(12.7) Fighting
 * Level 9.5(14.2) Maces & Flails
 + Level 7.7(12.4) Armour
 + Level 7.6(12.3) Shields


You had 9 spell levels left.
You didn't know any spells.

Dungeon Overview and Level Annotations

Branches:
Dungeon (9/15)             Temple (0/1) D:4            Lair (0/8) D:8
    Orc (1/4) D:9

Altars:
Ashenzari
Dithmenos
Fedhas
Makhleb
Okawaru
Trog
Vehumet
Xom
Zin
The Shining One


Innate Abilities, Weirdness & Mutations

You are resistant to torment.
Your stone body is resilient (AC +7).
You are immune to poison.
You resist negative energy.
You are resistant to electric shocks.
You can survive without breathing.
You are immune to petrification.
You are immune to rotting.


Message History

You closely miss the orc sorcerer.
The orc sorcerer is lightly wounded.
The orc sorcerer gestures at you while chanting.
The bolt of negative energy hits you! You partially resist.
You feel drained.
You sock the orc sorcerer!
The orc sorcerer is heavily wounded.
The sun demon hits you but does no damage.
You block the orc sorcerer's attack.
You barely miss the orc sorcerer.
The orc sorcerer is heavily wounded.
The sun demon hits you!
You are engulfed in flames!
You hit the orc sorcerer.
The orc sorcerer is heavily wounded.
The orc sorcerer points at you and mumbles some strange words.
You suddenly lose the ability to move!
The sun demon hits you.
You are engulfed in flames!
* * * LOW HITPOINT WARNING * * *
The orc sorcerer hits you but does no damage.
The sun demon hits you!
You die...

#.))..#..............
####)####...............
##..)))).##.............#
##..#####).##.............
#..##...##..#.............
#.8#..8..#8.#.............
#..##...##..#>....#.......
##..##'##3.##.............
##....)o@##........##.##.
#########...............
#. .........#.........
#......>..#..........
##.##..............#.
##....................
#...##....#....#......
#..###)).##.####...#.
#...##...#......#.#..


You could see a sun demon and an orc sorcerer.

Vanquished Creatures
  Pikel (D:5)
  A spriggan (D:7)
  A hippogriff (D:4)
  An orc warrior (D:7)
  3 porcupines (D:8)
  Duvessa (D:6)
  2 sky beasts
  3 ice beasts
  3 centaurs
  A black bear (D:8)
  4 ogres
  3 crocodiles (D:8)
  A giant frog (D:6)
  Dowan (D:6)
  A scorpion (D:7)
  3 crimson imps
  A centaur skeleton (D:7)
  A jelly (D:3)
  10 orc wizards
  4 hounds
  3 orc priests
  3 giant frog skeletons
  2 gnoll shamans
  4 iguanas
  2 hell rats
  2 worker ants
  8 gnolls (D:4)
  6 adders
  2 river rats (D:8)
  A shadow imp (D:6)
  An ooze (D:6)
  4 worms
  2 adder skeletons
  An adder zombie (D:8)
  4 giant geckos
  36 orcs
  6 goblins
  10 hobgoblins
  2 jackals (D:4)
  4 quokkas
  10 bats
  4 giant cockroaches
  6 giant newts
  6 kobolds
  A quokka skeleton (D:8)
  6 rats
182 creatures vanquished.

Notes
Turn   | Place    | Note
--------------------------------------------------------------
     0 | D:1      | septik the Gargoyle Fighter began the quest for the Orb.
     0 | D:1      | Reached XP level 1. HP: 14/14 MP: 1/1
   133 | D:1      | Reached XP level 2. HP: 17/19 MP: 2/2
   798 | D:2      | Reached XP level 3. HP: 23/23 MP: 3/3
  1042 | D:2      | Found a shadowy altar of Dithmenos.
  1387 | D:2      | Found a glowing golden altar of the Shining One.
  1762 | D:3      | Reached XP level 4. HP: 29/29 MP: 4/4
  1917 | D:3      | Reached skill level 4 in Fighting
  1917 | D:3      | Reached XP level 5. HP: 27/33 MP: 5/5
  2037 | D:3      | Found a bloodstained altar of Trog.
  2041 | D:3      | Found an iron altar of Okawaru.
  2046 | D:3      | Became a worshipper of Warmaster Okawaru
  2209 | D:4      | Noticed a hippogriff
  2314 | D:4      | Reached XP level 6. HP: 32/39 MP: 6/6
  2446 | D:4      | Found a staircase to the Ecumenical Temple.
  2474 | D:4      | Killed a hippogriff
  2474 | D:4      | Reached * piety under Okawaru
  2799 | D:4      | Reached XP level 7. HP: 44/44 MP: 7/7
  2906 | D:4      | Reached skill level 5 in Maces & Flails
  3019 | D:5      | Entered Level 5 of the Dungeon
  3054 | D:5      | Noticed Pikel
  3054 | D:5      | Reached skill level 5 in Fighting
  3084 | D:5      | Killed Pikel
  3084 | D:5      | Reached ** piety under Okawaru
  3084 | D:5      | Reached skill level 6 in Maces & Flails
  3084 | D:5      | Reached skill level 5 in Armour
  3084 | D:5      | Reached skill level 5 in Shields
  3084 | D:5      | Reached XP level 8. HP: 36/51 MP: 8/8
  3513 | D:6      | Noticed Dowan
  3514 | D:6      | Noticed Duvessa
  3538 | D:6      | Killed Duvessa
  3538 | D:6      | Reached *** piety under Okawaru
  3559 | D:6      | Killed Dowan
  3598 | D:6      | Found a radiant altar of Vehumet.
  3798 | D:6      | Reached skill level 7 in Maces & Flails
  4009 | D:6      | Got an encrusted long sword
  4015 | D:6      | Identified the cursed +1 long sword of Zin's Generosity {elec, Str+3} (You found it on level 6 of the Dungeon)
  4212 | D:7      | Reached XP level 9. HP: 52/56 MP: 9/9
  4341 | D:7      | Reached **** piety under Okawaru
  4816 | D:7      | Reached skill level 8 in Maces & Flails
  5662 | D:8      | Found a staircase to the Lair.
  6235 | D:8      | Reached skill level 9 in Maces & Flails
  6240 | D:8      | Found a shimmering altar of Xom.
  6240 | D:8      | Noticed an angel
  6241 | D:8      | Found a glowing silver altar of Zin.
  6375 | D:8      | Found a burning altar of Makhleb.
  6421 | D:8      | Reached XP level 10. HP: 57/64 MP: 10/10
  6604 | D:8      | Found a shattered altar of Ashenzari.
  6734 | D:9      | Found a blossoming altar of Fedhas.
  6734 | D:9      | Found a staircase to the Orcish Mines.
  6735 | D:9      | Found a shadowy altar of Dithmenos.
  6764 | Orc:1    | Entered Level 1 of the Orcish Mines
  7179 | Orc:1    | Noticed an orc sorcerer
  7190 | Orc:1    | Noticed a sun demon
  7194 | Orc:1    | Paralysed by an orc sorcerer for 2 turns
  7195 | Orc:1    | Slain by a sun demon

Action                   |  1- 3 |  4- 6 |  7- 9 | 10-12 || total
-------------------------+-------+-------+-------+-------++-------
Melee: Flail             |   166 |   108 |   116 |    70 ||   460
       Long sword        |       |       |   218 |    21 ||   239
Invok: Heroism           |       |       |     1 |     1 ||     2
  Use: Potion            |       |       |     1 |       ||     1
       Scroll            |       |       |       |    18 ||    18
  Eat: Chunk             |     3 |     3 |    13 |     2 ||    21
